 Dungeon Crawl Stone Soup version 0.31-a0-161-gb58dd9be76 (webtiles) character file.

Game seed: 1289314510170166705

10267 qw the Skirmisher (level 11, 0/106 HPs)
             Began as a Naga Hunter on June 12, 2023.
             Was a Priest of Okawaru.
             Succumbed to a water moccasin's poison
             ... on level 1 of the Lair of Beasts.
             The game lasted 00:03:22 (10374 turns).

qw the Skirmisher (Naga Hunter)                    Turns: 10374, Time: 00:03:23

Health: 0/106      AC: 10    Str: 13    XL:     11   Next: 59%
Magic:  14/14      EV: 13    Int: 11    God:    Okawaru [***...]
Gold:   304        SH:  0    Dex: 18    Spells: 10/10 levels left

rFire   . . .        Y - +3 longbow (drain)
rCold   + . .        (shield currently unavailable)
rNeg    . . .        e - +1 ring mail {rC+}
rPois   +            g - +2 hat
rElec   .            (no cloak)
rCorr   .            (no gloves)
SInv    +            (no barding)
Will    +....        (no amulet)
Stlth   +++          (no ring)
HPRegen 0.37/turn    (no ring)
MPRegen 0.14/turn

%: no passive effects
@: lethally poisoned (0 -> -1), short of breath, heroic, very slow
A: AC +3, large, see invisible, deformed body, poison resistance, slowness 2,
spit poison 1, naga tail 1
a: Spit Poison, Renounce Religion, Heroism


You were on level 1 of the Lair of Beasts.
You worshipped Okawaru.
Okawaru was most pleased with you.
You visited 3 branches of the dungeon, and saw 12 of its levels.

You collected 500 gold pieces.
You spent 196 gold pieces at shops.


Innate Abilities, Weirdness & Mutations

Your serpentine skin is tough. (AC +3)
You have supernaturally acute eyesight. (SInv)
Armour fits poorly on your strangely shaped body.
Your system is resistant to poisons. (rPois)
You cover ground very slowly.
You can spit poison.
You have a snake-like lower body.


   Skills:
 - Level 9.0(14.0) Fighting
 + Level 13.4(18.4) Ranged Weapons
 - Level 2.1(7.1) Armour
 - Level 4.0(9.0) Dodging
 - Level 1.5(6.5) Stealth
 - Level 4.1 Invocations


You had 10 spell levels left.
You didn't know any spells.
Your spell library was empty.

Inventory:

Hand Weapons
 Y - a +3 longbow of draining (weapon)
Armour
 e - a +1 ring mail of cold resistance (worn)
 f - a +2 robe of positive energy
 g - a +2 hat (worn)
Jewellery
 a - a ring of fire
Scrolls
 d - 3 scrolls of identify
 i - a scroll of enchant armour
Potions
 b - 3 potions of might
 c - a potion of cancellation
 h - a potion of curing
 j - a potion of haste {unknown}

Dungeon Overview and Level Annotations

Branches:
Dungeon (10/15)            Temple (1/1) D:7            Lair (1/5) D:10
    Orc: D:9-12

Altars:
Ashenzari
Cheibriados
Dithmenos
Elyvilon
Fedhas
Gozag
Hepliaklqana
Kikubaaqudgha
Makhleb
Nemelex Xobeh
Okawaru
Qazlal
Ru
Sif Muna
Trog
Uskayaw
Vehumet
Wu Jian
Xom
Yredelemnul
Zin
The Shining One

Shops:
D:5 [


Message History

Press: ? - help, Shift-Dir - straight line, f/p - yak The splash of poison hits the yak!
The yak is almost dead.
You feel sick. The yak gores you. The yak closely misses you.
The cane toad misses you.
You shoot an arrow. The arrow barely misses the yak.
You feel sick. The yak gores you! The cane toad stings you!
The yak gores you but does no damage.
You shoot an arrow.
The arrow hits the yak but does no damage.
You drain the yak.
You kill the yak!
Okawaru accepts your kill.
You feel sick.
The cane toad stings you but does no damage.
The yak closely misses you.
You shoot an arrow. The arrow closely misses the cane toad.
You feel sick.
The cane toad stings you but does no damage.
The yak gores you!
You shoot an arrow. The arrow hits the cane toad.
You drain the cane toad.
The cane toad is moderately wounded.
You feel sick. The cane toad barely misses you. The yak closely misses you.
You shoot an arrow. The arrow hits the cane toad!
The cane toad is heavily wounded.
You have got your breath back.
You feel sick. The cane toad closely misses you.
The yak gores you but does no damage.
10372 ||| INVOKING Spit Poison.
Aiming: Spit Poison (1% risk of failure)
Press: ? - help, Shift-Dir - straight line, f - yak, p - cane toad The splash of poison hits the yak.
The yak is lightly wounded.
You feel sick. The cane toad barely misses you. The yak gores you!
The cane toad closely misses you.
You shoot an arrow. The arrow hits the cane toad.
You drain the cane toad.
The cane toad is severely wounded.
You feel sick. The cane toad barely misses you.
You shoot an arrow. The arrow barely misses the cane toad.
You die...

......###..........?...
.....## ##..####.......
##.##.####..####.##.>#
##.####.##...........##
.#.....................
.......................
............#P#....##.
##.........####....#
##...P##..#.###Y@.##
#....###...#...##F.#
#....###...#.>...Y##
...........#....Y.....
...........##..#......
##...#.#.......##.....
##...#.#..........#...
##.........##.....###..
...........####..


You could see 2 yaks and a cane toad (drained).

Vanquished Creatures
  2 two-headed ogres (D:10)
  An ugly thing (D:10)
  A cane toad (Lair:1)
  A kobold demonologist (D:9)
  A rime drake (D:10)
  An unseen horror (D:9)
  A komodo dragon (Lair:1)
  3 hornets
  A shadow (D:9)
  A wyvern (D:9)
  11 yaks
  Grum (D:9)
  A wraith (D:10)
  An acid dragon (D:10)
  Menkaure (D:4)
  3 water moccasins
  3 black bears
  2 orc warriors (D:8)
  10 ice beasts
  2 sky beasts
  7 wolves
  2 ogres (D:4)
  A phantom (D:5)
  A centaur (D:8)
  A kobold brigand (D:10)
  3 bullfrogs
  2 scorpions
  2 gnoll sergeants
  3 wights (D:8)
  A killer bee (D:5)
  6 howler monkeys
  2 hounds
  3 orc priests
  9 orc wizards
  Natasha (twice) (D:4)
  12 gnolls
  6 adders
  A shadow imp (D:7)
  A white imp (D:5)
  An ufetubus (D:4)
  2 worms (D:2)
  4 dart slugs
  31 orcs
  4 endoplasms
  5 giant cockroaches
  5 goblins
  3 hobgoblins
  10 jackals (D:1)
  13 kobolds
  A quokka (D:4)
  8 ball pythons
  12 bats
  2 frilled lizards
  7 rats
  2 rat zombies (D:4)
  A spectral goblin (D:1)
224 creatures vanquished.

Notes
Turn   | Place    | Note
-------+----------+-------------------------------------------
     0 | D:1      | qw the Naga Hunter began the quest for the Orb.
     0 | D:1      | Reached XP level 1. HP: 19/19 MP: 1/1
     0 | D:1      | 0 ||| qw: Version: 0.2-a-29-gc1b59c4
     0 | D:1      | 0 ||| qw: Game counter: 4169
     0 | D:1      | 0 ||| qw: Always use a shield: true
     0 | D:1      | 0 ||| qw: God list: Okawaru
     0 | D:1      | 0 ||| qw: Allow faded altars: false
     0 | D:1      | 0 ||| qw: Do Orc after D:15 true
     0 | D:1      | 0 ||| qw: Do second Lair branch before Depths: true
     0 | D:1      | 0 ||| qw: Lair rune preference: random
     0 | D:1      | 0 ||| qw: Plans: Normal
     0 | D:1      | 0 ||| PLANNING D:1-11
    23 | D:1      | 23 ||| INVOKING Spit Poison.
    30 | D:1      | 30 ||| INVOKING Spit Poison.
    39 | D:1      | 39 ||| INVOKING Spit Poison.
    42 | D:1      | 42 ||| INVOKING Spit Poison.
    54 | D:1      | 54 ||| INVOKING Spit Poison.
    61 | D:1      | 61 ||| INVOKING Spit Poison.
    62 | D:1      | Reached skill level 4 in Ranged Weapons
    62 | D:1      | Reached XP level 2. HP: 26/26 MP: 2/2
    81 | D:1      | 81 ||| INVOKING Spit Poison.
    82 | D:1      | 82 ||| FLEEEEING.
   120 | D:1      | 120 ||| INVOKING Spit Poison.
   160 | D:1      | 160 ||| INVOKING Spit Poison.
   184 | D:1      | 184 ||| INVOKING Spit Poison.
   187 | D:1      | 187 ||| INVOKING Spit Poison.
   202 | D:1      | 202 ||| INVOKING Spit Poison.
   206 | D:1      | Reached XP level 3. HP: 31/32 MP: 3/3
   208 | D:1      | 208 ||| INVOKING Spit Poison.
   306 | D:1      | 306 ||| INVOKING Spit Poison.
   310 | D:1      | 310 ||| INVOKING Spit Poison.
   314 | D:1      | 314 ||| INVOKING Spit Poison.
   369 | D:1      | Found a faded altar of an unknown god.
   382 | D:1      | 382 ||| INVOKING Spit Poison.
   407 | D:1      | 407 ||| INVOKING Spit Poison.
   731 | D:1      | 731 ||| READING 2 scrolls labelled ODUOSI YBBAF.
   732 | D:1      | 732 ||| READING scroll labelled UMAOMU TAIKK.
   732 | D:1      | Identified a scroll of acquirement
   732 | D:1      | 732 ||| ACQUIRING +0 longbow of draining
   732 | D:1      | Acquired a +0 longbow of draining
   734 | D:1      | 734 ||| SWAPPING to +0 longbow of draining.
   735 | D:1      | 735 ||| DROPPING +0 shortbow.
   736 | D:1      | 736 ||| READING 2 scrolls labelled YTOFRUIZXU.
   737 | D:1      | 737 ||| DROPPING scroll of butterflies.
   769 | D:2      | 769 ||| INVOKING Spit Poison.
   771 | D:2      | Identified the +6 chain mail "Ydias" {Str+5}
   820 | D:2      | 820 ||| INVOKING Spit Poison.
   844 | D:2      | 844 ||| INVOKING Spit Poison.
  1033 | D:2      | 1033 ||| INVOKING Spit Poison.
  1085 | D:2      | 1085 ||| INVOKING Spit Poison.
  1089 | D:2      | Reached skill level 5 in Ranged Weapons
  1089 | D:2      | Reached XP level 4. HP: 35/39 MP: 4/4
  1090 | D:2      | 1090 ||| INVOKING Spit Poison.
  1091 | D:2      | 1091 ||| Stepping ~*~*~tactically~*~*~ (outnumbered).
  1093 | D:2      | 1093 ||| INVOKING Spit Poison.
  1212 | D:2      | 1212 ||| INVOKING Spit Poison.
  1215 | D:2      | 1215 ||| INVOKING Spit Poison.
  1218 | D:2      | 1218 ||| INVOKING Spit Poison.
  1225 | D:2      | 1225 ||| INVOKING Spit Poison.
  1280 | D:2      | 1280 ||| INVOKING Spit Poison.
  1325 | D:2      | 1325 ||| INVOKING Spit Poison.
  1355 | D:2      | 1355 ||| INVOKING Spit Poison.
  1487 | D:2      | 1487 ||| INVOKING Spit Poison.
  1488 | D:2      | 1488 ||| INVOKING Spit Poison.
  1520 | D:2      | 1520 ||| INVOKING Spit Poison.
  1587 | D:2      | 1587 ||| INVOKING Spit Poison.
  1590 | D:2      | Reached skill level 3 in Fighting
  1664 | D:2      | 1664 ||| INVOKING Spit Poison.
  1669 | D:2      | 1669 ||| INVOKING Spit Poison.
  1826 | D:2      | 1826 ||| READING scroll labelled AXUDYCK XOTO.
  1827 | D:2      | 1827 ||| READING scroll labelled HACAIHYCOA.
  1862 | D:3      | 1862 ||| INVOKING Spit Poison.
  1864 | D:3      | 1864 ||| STAIRDANCE
  1917 | D:3      | 1917 ||| INVOKING Spit Poison.
  1922 | D:3      | 1922 ||| INVOKING Spit Poison.
  1923 | D:3      | 1923 ||| INVOKING Spit Poison.
  1926 | D:3      | 1926 ||| INVOKING Spit Poison.
  1982 | D:3      | 1982 ||| INVOKING Spit Poison.
  2016 | D:3      | Reached XP level 5. HP: 49/49 MP: 5/5
  2016 | D:3      | 2016 ||| INVOKING Spit Poison.
  2026 | D:3      | 2026 ||| INVOKING Spit Poison.
  2029 | D:3      | 2029 ||| INVOKING Spit Poison.
  2194 | D:3      | 2194 ||| INVOKING Spit Poison.
  2222 | D:3      | 2222 ||| INVOKING Spit Poison.
  2282 | D:3      | 2282 ||| INVOKING Spit Poison.
  2288 | D:3      | 2288 ||| INVOKING Spit Poison.
  2292 | D:3      | 2292 ||| INVOKING Spit Poison.
  2353 | D:3      | 2353 ||| READING scroll labelled KIHOFF JEUMOTA.
  2354 | D:3      | 2354 ||| READING scroll labelled QYSTRIR REJERPH.
  2355 | D:3      | 2355 ||| READING scroll labelled ROAQOR OSYRY.
  2360 | D:3      | 2360 ||| READING scroll labelled BYMEWI OMIF.
  2361 | D:3      | 2361 ||| READING 2 scrolls of identify.
  2361 | D:3      | 2361 ||| IDENTIFYING amethyst potion
  2373 | D:4      | 2373 ||| PLANNING OSSUARY
  2373 | D:4      | 2373 ||| INVOKING Spit Poison.
  2396 | D:4      | 2396 ||| INVOKING Spit Poison.
  2469 | D:4      | 2469 ||| INVOKING Spit Poison.
  2595 | D:4      | Noticed an ogre
  2597 | D:4      | 2597 ||| INVOKING Spit Poison.
  2600 | D:4      | Killed an ogre
  2601 | D:4      | Reached skill level 6 in Ranged Weapons
  2601 | D:4      | Reached XP level 6. HP: 47/56 MP: 6/6
  2636 | D:4      | Noticed Natasha
  2637 | D:4      | 2637 ||| INVOKING Spit Poison.
  2639 | D:4      | Killed Natasha
  2640 | D:4      | 2640 ||| INVOKING Spit Poison.
  2663 | D:4      | 2663 ||| INVOKING Spit Poison.
  2671 | D:4      | 2671 ||| INVOKING Spit Poison.
  2674 | D:4      | 2674 ||| INVOKING Spit Poison.
  2816 | D:4      | 2816 ||| INVOKING Spit Poison.
  2931 | D:4      | 2931 ||| RIP OSSUARY
  2953 | D:4      | 2953 ||| PLANNING D:1-11
  3035 | D:4      | Noticed Menkaure
  3038 | D:4      | Killed Menkaure
  3039 | D:4      | Reached XP level 7. HP: 35/66 MP: 7/7
  3226 | D:4      | Found a blossoming altar of Fedhas.
  3273 | D:4      | Noticed Natasha
  3274 | D:4      | 3274 ||| INVOKING Spit Poison.
  3275 | D:4      | Killed Natasha
  3366 | D:4      | 3366 ||| INVOKING Spit Poison.
  3375 | D:4      | 3375 ||| READING scroll labelled XACEAL TEIWUN.
  3376 | D:4      | 3376 ||| READING scroll labelled JOSEDO ZOM ONI.
  3377 | D:4      | 3377 ||| DRINKING 2 smoky yellow potions.
  3378 | D:4      | 3378 ||| READING 2 scrolls of identify.
  3378 | D:4      | 3378 ||| IDENTIFYING fuming cyan potion
  3379 | D:4      | 3379 ||| DROPPING potion of attraction.
  3405 | D:5      | Entered Level 5 of the Dungeon
  3406 | D:5      | Found Sanlug's Antique Armour Shop.
  3410 | D:5      | 3410 ||| INVOKING Spit Poison.
  3414 | D:5      | 3414 ||| INVOKING Spit Poison.
  3418 | D:5      | Reached skill level 7 in Ranged Weapons
  3443 | D:5      | 3443 ||| BUYING runed ring mail (196 gold).
  3443 | D:5      | Bought a runed ring mail for 196 gold pieces
  3443 | D:5      | 3443 ||| SHOPLISTING smoking leather armour (196 gold, have
                  | 44).
  3450 | D:5      | 3450 ||| INVOKING Spit Poison.
  3456 | D:5      | 3456 ||| INVOKING Spit Poison.
  3457 | D:5      | 3457 ||| INVOKING Spit Poison.
  3461 | D:5      | 3461 ||| INVOKING Spit Poison.
  3514 | D:5      | 3514 ||| FLEEEEING.
  3516 | D:5      | 3516 ||| STAIRDANCE
  3542 | D:4      | 3542 ||| UPGRADING to +1 ring mail of cold resistance.
  3552 | D:4      | 3552 ||| DROPPING +0 leather armour.
  3560 | D:5      | 3560 ||| INVOKING Spit Poison.
  3564 | D:5      | Reached skill level 1 in Armour
  3606 | D:5      | 3606 ||| INVOKING Spit Poison.
  3623 | D:5      | Reached XP level 8. HP: 53/73 MP: 8/8
  3703 | D:5      | Found a burning altar of Makhleb.
  3956 | D:5      | 3956 ||| INVOKING Spit Poison.
  3960 | D:5      | 3960 ||| INVOKING Spit Poison.
  3961 | D:5      | 3961 ||| INVOKING Spit Poison.
  3964 | D:5      | Reached skill level 8 in Ranged Weapons
  4068 | D:5      | Found an opulent altar of Gozag.
  4175 | D:5      | Found an ornate altar of the Wu Jian Council.
  4335 | D:5      | 4335 ||| READING 2 scrolls of identify.
  4335 | D:5      | 4335 ||| IDENTIFYING coppery potion
  4336 | D:5      | 4336 ||| DROPPING potion of enlightenment.
  4357 | D:6      | 4357 ||| INVOKING Spit Poison.
  4377 | D:6      | 4377 ||| INVOKING Spit Poison.
  4380 | D:6      | 4380 ||| INVOKING Spit Poison.
  4385 | D:6      | 4385 ||| INVOKING Spit Poison.
  4416 | D:6      | 4416 ||| INVOKING Spit Poison.
  4422 | D:6      | 4422 ||| INVOKING Spit Poison.
  4423 | D:6      | 4423 ||| INVOKING Spit Poison.
  4604 | D:6      | Found a shimmering altar of Xom.
  4654 | D:6      | 4654 ||| INVOKING Spit Poison.
  4660 | D:6      | 4660 ||| INVOKING Spit Poison.
  4913 | D:6      | Reached skill level 9 in Ranged Weapons
  4938 | D:6      | 4938 ||| UPGRADING to +1 hat.
  4943 | D:6      | 4943 ||| READING scroll of enchant armour.
  4943 | D:6      | 4943 ||| ENCHANTING +1 hat.
  4944 | D:6      | 4944 ||| READING scroll labelled JEOHOE QUGEAXKI.
  4945 | D:6      | 4945 ||| DRINKING 2 black potions.
  5050 | D:6      | 5050 ||| DROPPING potion of berserk rage.
  5284 | D:7      | 5284 ||| INVOKING Spit Poison.
  5287 | D:7      | 5287 ||| INVOKING Spit Poison.
  5293 | D:7      | 5293 ||| Stepping ~*~*~tactically~*~*~ (outnumbered).
  5296 | D:7      | 5296 ||| INVOKING Spit Poison.
  5302 | D:7      | 5302 ||| INVOKING Spit Poison.
  5305 | D:7      | 5305 ||| INVOKING Spit Poison.
  5309 | D:7      | Reached skill level 6 in Fighting
  5309 | D:7      | Reached XP level 9. HP: 72/82 MP: 9/9
  5313 | D:7      | 5313 ||| INVOKING Spit Poison.
  5316 | D:7      | 5316 ||| INVOKING Spit Poison.
  5358 | D:7      | 5358 ||| INVOKING Spit Poison.
  5368 | D:7      | 5368 ||| INVOKING Spit Poison.
  5389 | D:7      | 5389 ||| INVOKING Spit Poison.
  5392 | D:7      | 5392 ||| INVOKING Spit Poison.
  5395 | D:7      | 5395 ||| INVOKING Spit Poison.
  5398 | D:7      | 5398 ||| INVOKING Spit Poison.
  5478 | D:7      | 5478 ||| READING scroll of enchant weapon.
  5478 | D:7      | 5478 ||| ENCHANTING +1 longbow of draining.
  5760 | D:7      | 5760 ||| INVOKING Spit Poison.
  5771 | D:7      | Found a staircase to the Ecumenical Temple.
  5772 | D:7      | 5772 ||| PLANNING TEMPLE
  5772 | D:7      | 5772 ||| READING 2 scrolls of identify.
  5772 | D:7      | 5772 ||| IDENTIFYING fizzy black potion
  5778 | Temple   | Entered the Ecumenical Temple
  5797 | Temple   | 5797 ||| PLANNING OKAWARU WORSHIP
  6183 | Temple   | Became a worshipper of Warmaster Okawaru
  6183 | Temple   | 6183 ||| PLANNING D:1-11
  6346 | D:7      | 6346 ||| INVOKING Spit Poison.
  6352 | D:7      | 6352 ||| INVOKING Spit Poison.
  6491 | D:7      | 6491 ||| READING scroll labelled SAUNLIE GIOWN.
  6577 | D:8      | 6577 ||| INVOKING Spit Poison.
  6581 | D:8      | 6581 ||| INVOKING Spit Poison.
  6638 | D:8      | 6638 ||| INVOKING Spit Poison.
  6642 | D:8      | 6642 ||| INVOKING Spit Poison.
  6646 | D:8      | 6646 ||| INVOKING Spit Poison.
  6652 | D:8      | Reached skill level 10 in Ranged Weapons
  6652 | D:8      | 6652 ||| INVOKING Spit Poison.
  6654 | D:8      | HP: 19/82 [gnoll/+0 whip[a gnoll sergeant] (2)]
  6655 | D:8      | 6655 ||| READING scroll of teleportation.
  6656 | D:8      | 6656 ||| DRINKING 2 potions of heal wounds.
  6657 | D:8      | 6657 ||| INVOKING Spit Poison.
  6866 | D:8      | 6866 ||| INVOKING Spit Poison.
  6870 | D:8      | 6870 ||| INVOKING Spit Poison.
  6875 | D:8      | 6875 ||| INVOKING Spit Poison.
  6878 | D:8      | Reached skill level 3 in Dodging
  6918 | D:8      | 6918 ||| INVOKING Spit Poison.
  6927 | D:8      | 6927 ||| INVOKING Spit Poison.
  6933 | D:8      | 6933 ||| INVOKING Spit Poison.
  6935 | D:8      | Reached * piety under Okawaru
  6936 | D:8      | 6936 ||| INVOKING Heroism.
  6937 | D:8      | 6937 ||| INVOKING Spit Poison.
  6939 | D:8      | Reached skill level 1 in Invocations
  6940 | D:8      | HP: 13/86 [yak (13)]
  6941 | D:8      | 6941 ||| DRINKING potion of heal wounds.
  6942 | D:8      | 6942 ||| INVOKING Spit Poison.
  6946 | D:8      | 6946 ||| INVOKING Heroism.
  6947 | D:8      | 6947 ||| INVOKING Spit Poison.
  7008 | D:8      | 7008 ||| INVOKING Heroism.
  7009 | D:8      | 7009 ||| INVOKING Spit Poison.
  7012 | D:8      | Reached skill level 3 in Invocations
  7016 | D:8      | 7016 ||| INVOKING Spit Poison.
  7165 | D:8      | 7165 ||| INVOKING Spit Poison.
  7168 | D:8      | Reached XP level 10. HP: 70/94 MP: 12/12
  7255 | D:8      | 7255 ||| READING scroll of enchant weapon.
  7255 | D:8      | 7255 ||| ENCHANTING +2 longbow of draining.
  7258 | D:8      | Found a shadowy altar of Dithmenos.
  7264 | D:8      | 7264 ||| INVOKING Spit Poison.
  7764 | D:8      | 7764 ||| READING 3 scrolls of identify.
  7764 | D:8      | 7764 ||| IDENTIFYING murky pink potion
  7765 | D:8      | 7765 ||| READING 2 scrolls of identify.
  7765 | D:8      | 7765 ||| IDENTIFYING cyan potion
  7766 | D:8      | 7766 ||| DROPPING potion of ambrosia.
  7879 | D:9      | Noticed an unseen horror
  7881 | D:9      | 7881 ||| INVOKING Spit Poison.
  7884 | D:9      | 7884 ||| INVOKING Spit Poison.
  7885 | D:9      | Killed an unseen horror
  7885 | D:9      | Reached ** piety under Okawaru
  7886 | D:9      | Reached skill level 11 in Ranged Weapons
  7931 | D:9      | 7931 ||| INVOKING Spit Poison.
  7934 | D:9      | 7934 ||| INVOKING Spit Poison.
  7938 | D:9      | 7938 ||| INVOKING Spit Poison.
  7941 | D:9      | 7941 ||| INVOKING Heroism.
  7943 | D:9      | 7943 ||| INVOKING Spit Poison.
  8075 | D:9      | Noticed Grum
  8076 | D:9      | 8076 ||| INVOKING Heroism.
  8077 | D:9      | 8077 ||| INVOKING Spit Poison.
  8084 | D:9      | 8084 ||| INVOKING Spit Poison.
  8084 | D:9      | HP: 23/96 [wolf[Grum] (2)]
  8085 | D:9      | 8085 ||| READING scroll of teleportation.
  8316 | D:9      | Noticed a kobold demonologist
  8317 | D:9      | 8317 ||| INVOKING Spit Poison.
  8320 | D:9      | 8320 ||| INVOKING Spit Poison.
  8320 | D:9      | Killed a kobold demonologist
  8325 | D:9      | 8325 ||| INVOKING Spit Poison.
  8329 | D:9      | 8329 ||| INVOKING Spit Poison.
  8398 | D:9      | 8398 ||| INVOKING Heroism.
  8399 | D:9      | 8399 ||| INVOKING Spit Poison.
  8402 | D:9      | Killed Grum
  8486 | D:9      | 8486 ||| INVOKING Spit Poison.
  8492 | D:9      | 8492 ||| INVOKING Spit Poison.
  8684 | D:9      | 8684 ||| INVOKING Spit Poison.
  8692 | D:9      | Found a white marble altar of Elyvilon.
  8699 | D:9      | 8699 ||| INVOKING Spit Poison.
  8704 | D:9      | 8704 ||| INVOKING Spit Poison.
  8706 | D:9      | 8706 ||| INVOKING Heroism.
  8708 | D:9      | Reached skill level 12 in Ranged Weapons
  8822 | D:9      | Found a shimmering blue altar of Sif Muna.
  8829 | D:9      | 8829 ||| INVOKING Spit Poison.
  8834 | D:9      | 8834 ||| FLEEEEING.
  8835 | D:9      | 8835 ||| FLEEEEING.
  8836 | D:9      | 8836 ||| FLEEEEING.
  8932 | D:9      | 8932 ||| READING scroll labelled OJIHUKHLINEA.
  9004 | D:10     | Entered Level 10 of the Dungeon
  9005 | D:10     | 9005 ||| INVOKING Spit Poison.
  9010 | D:10     | 9010 ||| INVOKING Spit Poison.
  9022 | D:10     | Noticed a two-headed ogre
  9023 | D:10     | 9023 ||| INVOKING Heroism.
  9024 | D:10     | 9024 ||| INVOKING Spit Poison.
  9028 | D:10     | 9028 ||| INVOKING Spit Poison.
  9031 | D:10     | Killed a two-headed ogre
  9196 | D:10     | Reached XP level 11. HP: 103/103 MP: 14/14
  9232 | D:10     | 9232 ||| INVOKING Spit Poison.
  9238 | D:10     | 9238 ||| INVOKING Spit Poison.
  9244 | D:10     | 9244 ||| INVOKING Spit Poison.
  9247 | D:10     | Reached *** piety under Okawaru
  9248 | D:10     | Reached skill level 13 in Ranged Weapons
  9258 | D:10     | Noticed a white ugly thing
  9261 | D:10     | 9261 ||| INVOKING Spit Poison.
  9267 | D:10     | 9267 ||| INVOKING Spit Poison.
  9268 | D:10     | Killed a white ugly thing
  9271 | D:10     | 9271 ||| INVOKING Heroism.
  9285 | D:10     | 9285 ||| INVOKING Heroism.
  9531 | D:10     | 9531 ||| INVOKING Spit Poison.
  9534 | D:10     | 9534 ||| INVOKING Spit Poison.
  9535 | D:10     | 9535 ||| INVOKING Heroism.
  9656 | D:10     | Found a glowing golden altar of the Shining One.
  9689 | D:10     | Found a staircase to the Lair.
  9708 | D:10     | 9708 ||| INVOKING Spit Poison.
  9724 | D:10     | Noticed a two-headed ogre
  9725 | D:10     | 9725 ||| INVOKING Heroism.
  9726 | D:10     | 9726 ||| INVOKING Spit Poison.
  9729 | D:10     | Killed a two-headed ogre
 10082 | D:10     | 10082 ||| PLANNING LAIR
 10145 | Lair:1   | Entered Level 1 of the Lair of Beasts
 10191 | Lair:1   | 10191 ||| INVOKING Heroism.
 10194 | Lair:1   | 10194 ||| INVOKING Spit Poison.
 10196 | Lair:1   | Reached skill level 9 in Fighting
 10280 | Lair:1   | 10280 ||| INVOKING Heroism.
 10344 | Lair:1   | 10344 ||| INVOKING Spit Poison.
 10348 | Lair:1   | 10348 ||| INVOKING Spit Poison.
 10350 | Lair:1   | 10350 ||| Stepping ~*~*~tactically~*~*~ (outnumbered).
 10353 | Lair:1   | 10353 ||| INVOKING Spit Poison.
 10357 | Lair:1   | 10357 ||| INVOKING Heroism.
 10359 | Lair:1   | 10359 ||| INVOKING Spit Poison.
 10366 | Lair:1   | 10366 ||| INVOKING Spit Poison.
 10367 | Lair:1   | HP: 25/106 [cane toad (7)]
 10371 | Lair:1   | HP: 12/106 [poisoned by a water moccasin]
 10372 | Lair:1   | 10372 ||| INVOKING Spit Poison.
 10372 | Lair:1   | HP: 2/106 [yak (10)]
 10374 | Lair:1   | Succumbed to a water moccasin's poison

Levels and vault maps discovered:
D:1:      lightli_arrival_flooded_house, layout_loops_ring,
          dreamdust_ecumenical_altar_drowned_temple
D:2:      layout_loops_corners, serial_co_window_serial, co_window_corner_a,
          co_window_corner_a, co_window_of_opportunity_a, co_window_corner_a,
          co_window_paths_b, co_window_paths_a, co_window_broadway_a,
          co_window_2corner, co_window_cross_3, co_window_4corner_a,
          glass_columns_c, glass_columns_a, glass_columns_c, glass_columns_a,
          glass_columns_a
D:3:      layout_rooms
D:4:      layout_loops_cross, mainiacjoe_overflow_chevrons, enter_ossuary_4,
          reono_crystal_passage, nicolae_titane, uniq_natasha, uniq_menkaure
D:5:      layout_cave_pools, mainiacjoe_overflow_surrounded_room,
          mainiacjoe_overflow_brackets, nzn_wu_jian_contemplation, serial_shops,
          shop, serial_co_window_serial, co_window_of_opportunity_a,
          co_window_of_opportunity_a, co_window_paths_b, co_window_paths_b,
          co_window_corner_a, co_window_unsneaky_path_e,
          co_window_of_opportunity_b, co_window_2corner, glass_columns_a,
          glass_columns_c, glass_columns_c, glass_columns_a, minmay_manual_mail
D:6:      layout_rooms, xom_teletrap_fun
D:7:      layout_loops_corners, minmay_temple_entry_fiery,
          minmay_splitting_lines
D:8:      layout_basic, nicolae_dithmenos_through_a_glass_darkly
D:9:      layout_roguey, nicolae_elyvilon_peaceful_grove, led_sif_book,
          uniq_grum
D:10:     layout_roguey, kennysheep_mini_moat, hellmonk_lair_entry_icy
Temple:   compressed_dpeg_triangle_lava_temple
Lair:1:   layout_gridlike, grunt_megastairs_4

Skill      XL: |  1  2  3  4  5  6  7  8  9 10 11 |
---------------+----------------------------------+-----
Ranged Weapons | 4 5 6 7 9 10 12 13 | 13.4
Fighting       | 3 4 6 7 8 9 |  9.0
Dodging        | 2 3 4 |  4.0
Armour         | 1 2 |  2.1
Invocations    | 3 4 |  4.1
Stealth        | |  1.5

Action                     |  1- 3 |  4- 6 |  7- 9 | 10-12 || total
---------------------------+-------+-------+-------+-------++-------
   Fire: Shortbow          |    45 |       |       |       ||    45
         Longbow           |    10 |    80 |   173 |   200 ||   463
 Invoke: Heroism           |       |       |     3 |    12 ||    15
Ability: Spit Poison       |    23 |    37 |    54 |    40 ||   154
    Use: Scroll            |     3 |     7 |    10 |     5 ||    25
         Potion            |       |       |     4 |       ||     4
 Armour: Leather armour    |     6 |    15 |     7 |       ||    28
         Ring mail         |       |       |    43 |    46 ||    89
  Dodge: Dodged            |    13 |    24 |    81 |    78 ||   196

Table legend:
 A = Non-vault XP
 B = Vault XP
 C = Vault XP percentage of total XP
 D = Non-vault monster count
 E = Vault monster count
 F = Vault count percentage of total count
                 A         B        C        D         E       F
            +---------+---------+-------+---------+---------+-------
      Total |   11084 |    3584 |  24.4 |     193 |      31 |  13.8
            +---------+---------+-------+---------+---------+-------
        D:1 |      65 |       1 |   1.5 |      33 |       1 |   2.9
        D:2 |      78 |       0 |   0.0 |      24 |       0 |   0.0
        D:3 |      94 |       0 |   0.0 |      20 |       0 |   0.0
        D:4 |     371 |     188 |  33.6 |      15 |       4 |  21.1
        D:5 |     452 |     262 |  36.7 |       6 |       4 |  40.0
        D:6 |     636 |       0 |   0.0 |       7 |       0 |   0.0
        D:7 |     781 |       0 |   0.0 |      23 |       0 |   0.0
        D:8 |    2188 |       0 |   0.0 |      33 |       0 |   0.0
        D:9 |    2350 |     745 |  24.1 |      15 |       7 |  31.8
       D:10 |    3119 |    1620 |  34.2 |      14 |      11 |  44.0
     Lair:1 |     950 |     768 |  44.7 |       3 |       4 |  57.1
            +---------+---------+-------+---------+---------+-------
